Map: Disco Bloodbath LE

Players

Scarlett - Winner!

  • Race: Zerg Zerg
  • Spawn Location: 9:00

TSGNice (Nice)

  • Race: Protoss Protoss
  • Spawn Location: 3:00

Event: NationWars 2019

VOD

Have the link to the VOD?

Description

Time

  • Played on: Nov. 16, 2019, 11:52 a.m.
  • Length: 12:55

All games in this series

Show
View Real Time Build Order
Export as new Build Order

Scarlett Zerg - Winner!

Build Orders: Hatch First 

Get SALT Encoding   

  12  0:00  Drone  
  13  0:12  Overlord  
  13  0:16  Drone  
  14  0:30  Drone  
  14  0:31  Drone  
  16  0:46  Hatchery  
  15  0:51  Drone  
  15  0:54  Drone  
  17  0:57  Drone  
  18  1:08  Extractor  
  17  1:12  Spawning Pool  
  17  1:15  Drone  
  17  1:18  Drone  
  18  1:28  Drone  
  19  1:40  Drone  
  21  1:55  Drone  
  21  1:57  Extractor  
  21  2:02  Hatchery, Queen  
  21  2:04  Overlord  
  23  2:10  Metabolic Boost  
  23  2:33  Zergling x6  
  26  2:37  Queen  
  28  2:45  Overlord  
  28  2:55  Zergling x2  
  29  3:01  Hatchery  
  28  3:10  Drone x4  
  32  3:13  Pneumatized Carapace  
  32  3:23  Queen  
  32  3:24  Drone x2  
  34  3:43  Drone x4  
  38  3:50  Drone x4  
  38  3:54  Spore Crawler  
  40  3:57  Spore Crawler  
  40  4:02  Drone x2  
  41  4:09  Drone x2  
  43  4:13  Queen  
  44  4:21  Drone  
  44  4:22  Spore Crawler, Drone  
  44  4:27  Drone  
  44  4:28  Drone  
  46  4:32  Drone x2  
  46  4:36  Spore Crawler  
  47  4:42  Drone x3  
  50  4:47  Overlord  
  50  4:50  Overlord  
  50  4:56  Spore Crawler x2  
  50  4:59  Drone  
  50  5:01  Overlord  
  48  5:09  Drone  
  48  5:10  Drone x4  
  53  5:16  Lair  
  53  5:19  Roach Warren, Drone  
  53  5:20  Drone x2  
  55  5:27  Drone x4  
  58  5:38  Hatchery, Queen  
  59  5:46  Overlord  
  59  5:47  Drone x4  
  63  5:50  Drone  
  63  5:51  Drone, Extractor  
  63  5:53  Drone, Extractor  
  64  6:02  Zergling x2  
  64  6:03  Zergling x6, Overlord  
  65  6:12  Drone x7  
  72  6:24  Queen x2  
  76  6:30  Drone x7  
  81  6:33  Overlord x3  
  81  6:40  Spore Crawler  
  81  6:42  Glial Reconstitution  
  81  6:44  Overlord x2  
  81  6:46  Overseer, Overlord  
  80  6:51  Drone x3, Extractor  
  80  6:52  Extractor  
  81  6:55  Drone x3, Evolution Chamber  
  81  6:59  Spore Crawler, Drone  
  83  7:06  Overlord x3  
  79  7:23  Queen x2  
  79  7:26  Drone x12  
  94  7:43  Spore Crawler, Zerg Missile Weapons Level 1  
  93  7:48  Hydralisk Den  
  92  7:56  Drone x4  
  92  7:57  Drone, Extractor  
  97  7:58  Drone x12  
  97  8:01  Extractor  
  97  8:02  Extractor  
  97  8:04  Drone x2, Nydus Network  
  107  8:07  Spore Crawler  
  107  8:11  Drone  
  107  8:12  Spore Crawler  
  100  8:20  Drone  
  100  8:21  Drone x11  
  100  8:25  Spore Crawler  
  109  8:29  Drone x3  
  112  8:36  Hydralisk x6  
  112  8:37  Hydralisk x3  
  130  8:46  Muscular Augments  
  130  8:49  Hydralisk  
  130  8:50  Hydralisk x5  
  141  8:57  Hydralisk x5  
  145  9:06  Nydus Network  
  145  9:07  Hydralisk x4  
  140  9:12  Hydralisk x3  
  141  9:21  Drone x8  
  143  9:36  Hydralisk x8  
  159  9:46  Overlord  
  159  9:47  Overlord x4  
  159  9:52  Nydus Canal  
  159  9:55  Spore Crawler  
  159  9:57  Spore Crawler  
  157  10:03  Spore Crawler  
  157  10:06  Nydus Canal  
  156  10:09  Evolution Chamber  
  156  10:10  Evolution Chamber  
  156  10:12  Hydralisk x10  
  174  10:15  Grooved Spines  
  174  10:21  Nydus Canal  
  166  10:29  Nydus Canal  
  166  10:31  Spore Crawler  
  166  10:32  Spore Crawler  
  162  10:37  Hydralisk x12  
  186  10:43  Nydus Canal  
  160  10:57  Hydralisk x5  
  160  10:58  Hydralisk x4  
  160  10:59  Hydralisk  
  148  11:06  Hydralisk  
  148  11:07  Hydralisk x2  
  148  11:10  Nydus Canal  
  146  11:19  Hydralisk x4  
  146  11:20  Zergling x2  
  146  11:21  Zergling x14  
  162  11:29  Nydus Canal  
  162  11:41  Hydralisk x7  
  162  11:44  Nydus Canal  
  160  11:55  Hydralisk  
  160  11:56  Hydralisk x4  
  160  11:57  Zergling x14  
  160  11:58  Nydus Canal  
  159  12:03  Hydralisk x2  
  159  12:04  Zergling x6  
  159  12:05  Nydus Canal  
  159  12:08  Zergling x2, Hydralisk  
  158  12:19  Nydus Canal  
  158  12:21  Hydralisk x5  
  158  12:22  Zergling x6, Hatchery  
  170  12:33  Nydus Canal  
Show
View Real Time Build Order
Export as new Build Order

TSGNice Protoss 

Build Orders: Cannon Rush, Oracle Opening 

Get SALT Encoding   

  12  0:01  Probe  
  13  0:13  Probe  
  14  0:20  Pylon  
  14  0:25  Probe  
  15  0:38  Probe (Chrono Boost)  
  15  0:41  Gateway  
  16  0:49  Probe (Chrono Boost), Assimilator  
  17  0:54  Probe (Chrono Boost)  
  18  1:04  Forge  
  18  1:05  Probe  
  19  1:17  Probe  
  20  1:28  Pylon  
  20  1:29  Probe  
  20  1:31  Pylon  
  21  1:36  Pylon  
  21  1:47  Photon Cannon  
  21  1:49  Photon Cannon  
  21  1:54  Cybernetics Core  
  21  1:59  Photon Cannon  
  21  2:01  Probe (Chrono Boost)  
  22  2:02  Assimilator  
  22  2:12  Probe (Chrono Boost)  
  22  2:14  Pylon  
  23  2:16  Probe (Chrono Boost)  
  24  2:28  Probe  
  25  2:34  Stargate  
  25  2:35  Adept (Chrono Boost)  
  25  2:39  Pylon  
  27  2:54  Nexus  
  27  2:58  Warp Gate  
  27  3:06  Stalker  
  28  3:20  Photon Cannon  
  28  3:22  Oracle (Chrono Boost)  
  31  3:49  Pylon  
  31  4:03  Oracle (Chrono Boost)  
  31  4:06  Probe  
  31  4:09  Probe  
  34  4:21  Probe (Chrono Boost)  
  34  4:22  Probe (Chrono Boost)  
  33  4:24  Assimilator  
  33  4:25  Assimilator  
  33  4:30  Probe (Chrono Boost)  
  35  4:33  Oracle, Probe (Chrono Boost)  
  35  4:35  Probe (Chrono Boost)  
  39  4:42  Probe  
  40  4:47  Probe  
  40  4:50  Zealot  
  43  4:54  Probe  
  45  5:00  Probe  
  45  5:06  Probe  
  46  5:07  Oracle (Chrono Boost)  
  46  5:09  Stargate  
  46  5:12  Probe  
  50  5:16  Pylon  
  50  5:18  Probe  
  51  5:24  Pylon, Probe  
  52  5:30  Probe  
  52  5:34  Oracle (Chrono Boost)  
  56  5:36  Probe  
  56  5:42  Probe  
  58  5:45  Gateway  
  58  5:47  Adept  
  58  5:48  Probe  
  58  5:49  Gateway  
  61  5:55  Oracle (Chrono Boost)  
  64  5:57  Probe  
  64  6:00  Probe  
  66  6:04  Oracle (Chrono Boost)  
  69  6:12  Probe  
  69  6:13  Pylon  
  70  6:20  Probe  
  70  6:25  Probe  
  70  6:29  Oracle (Chrono Boost)  
  70  6:43  Adept x3  
  70  6:46  Oracle  
  78  6:58  Nexus  
  78  7:01  Pylon  
  78  7:06  Pylon  
  78  7:07  Pylon  
  78  7:19  Oracle (Chrono Boost), Probe x2  
  83  7:23  Oracle (Chrono Boost)  
  80  7:31  Probe x2  
  80  7:37  Shield Battery  
  82  7:43  Stargate, Probe x2  
  84  7:49  Oracle (Chrono Boost)  
  84  7:51  Oracle (Chrono Boost)  
  87  7:53  Adept x2  
  87  7:54  Adept  
  87  7:55  Probe x2  
  87  7:57  Pylon  
  98  8:05  Assimilator  
  98  8:07  Probe x2  
  98  8:08  Assimilator  
  98  8:10  Pylon  
  100  8:19  Probe x2  
  102  8:24  Oracle (Chrono Boost)  
  108  8:28  Probe  
  108  8:31  Oracle (Chrono Boost), Probe x2  
  108  8:33  Oracle (Chrono Boost)  
  114  8:39  Photon Cannon  
  114  8:40  Probe  
  115  8:42  Pylon  
  115  8:45  Probe  
  116  8:52  Probe  
  116  8:53  Oracle (Chrono Boost)  
  123  8:55  Oracle (Chrono Boost)  
  123  9:08  Oracle (Chrono Boost)  
  124  9:24  Oracle (Chrono Boost)  
  124  9:25  Probe x3  
  124  9:26  Nexus  
  124  9:29  Oracle (Chrono Boost)  
  124  9:30  Photon Cannon  
  120  9:37  Probe x3  
  126  9:40  Oracle (Chrono Boost)  
  129  9:49  Probe x2  
  129  9:50  Probe  
  132  9:54  Oracle  
  132  9:59  Oracle  
  138  10:01  Probe  
  139  10:11  Photon Cannon  
  139  10:13  Photon Cannon  
  139  10:14  Photon Cannon  
  139  10:16  Photon Cannon  
  139  10:17  Photon Cannon  
  139  10:20  Shield Battery  
  139  10:21  Shield Battery  
  139  10:34  Oracle (Chrono Boost)  
  139  10:35  Oracle x2 (Chrono Boost)  
  139  10:40  Stargate  
  139  10:41  Shield Battery  
  139  10:42  Shield Battery  
  145  10:44  Assimilator  
  145  10:45  Pylon x2  
  145  10:47  Assimilator  
  122  10:58  Probe  
  122  11:01  Probe (Chrono Boost)  
  122  11:02  Probe x2 (Chrono Boost)  
  100  11:04  Oracle  
  100  11:05  Oracle x2  
  100  11:09  Zealot x3  
  100  11:10  Probe (Chrono Boost)  
  113  11:13  Probe (Chrono Boost)  
  116  11:19  Probe x2 (Chrono Boost)  
  116  11:20  Probe (Chrono Boost)  
  116  11:21  Probe (Chrono Boost)  
  116  11:25  Probe x2 (Chrono Boost)  
  120  11:40  Adept x3  
  120  11:41  Oracle (Chrono Boost)  
  134  11:48  Oracle (Chrono Boost)  
  134  11:50  Oracle (Chrono Boost)  
  110  12:02  Oracle (Chrono Boost)  
  113  12:08  Zealot  
  113  12:09  Oracle, Zealot x2  
  113  12:10  Probe x3  
  113  12:13  Photon Cannon  
  113  12:14  Photon Cannon  
  124  12:22  Probe x3  
  128  12:38  Pylon  
  128  12:40  Pylon  
  128  12:41  Pylon  
  128  12:46  Photon Cannon  
Tags
 
Add a new tag
Caveats
  • Supply blocks, unpowered buildings, or Contaminate may cause inaccurate times.
  • Supply counts are checked every 10 seconds.